woodfighter, chaotic female orcish Cavewoman ----- --------- ------- ----...--|..|-...---- --.....| |.`..`^..|`.|..`.`.m---...`.-- |.....^..>....```.@`...`..`.| |.----^------...`.---..`.``-- |.| |^| --....| --.....| |.| |^--- ------ |-----| |.----^..| |.....|-- |.`.`..`.| |.....+.| |...|...-------------|.....|-| ----|...^^^^^^^^^^^^.+..(..+.| -----------------|.....|-| |.....+.| |.....|-- ------- woodfighter the Young Cave Woman Experience level: 7 Strength: 18 Dexterity: 12 Constitution: 18 Intelligence: 9 Wisdom: 9 Charisma: 10 Health: 0(56) Energy: 22(22) Def: 3 Gold: 0 Moves: 4053 Dungeon seed: d5yJr04NPQy_3--j Game ID: woodfighter_1488563693 Your Inventory: Weapons a - a +1 club (weapon in hand) b - a +2 sling (alternate weapon; not wielded) Armor n - an uncursed +0 orcish helm q - a blessed +0 leather armor (being worn) r - an uncursed +0 orcish helm (being worn) y - a cursed -2 dwarvish cloak z - an uncursed +0 pair of iron shoes N - an uncursed +0 orcish helm Comestibles c - 7 uncursed food rations g - 2 uncursed lichen corpses l - 3 uncursed sprigs of wolfsbane p - 4 uncursed tripe rations u - an uncursed mango Scrolls s - an uncursed scroll of earth Potions m - an uncursed potion of restore ability R - an uncursed potion of oil S - an uncursed potion of object detection Rings i - an uncursed ring of searching t - a cursed ring of free action F - an uncursed ring of poison resistance K - an uncursed ring of conflict T - a cursed -1 ring of adornment U - an uncursed ring of free action Wands o - a wand of speed monster (0:2) L - a wand of sleep (0:5) P - a wand of teleportation (0:5) Tools j - an uncursed pair of lenses (being worn) Gems e - 7 uncursed flints (in quiver) Spells and supernatural/magical abilities: Name Level Category Fail Memory W - pray for help -- divine ? -- Your skills at the end: Miscellaneous Skills bare handed combat [Basic] Weapon Skills scimitar [Basic] club [Skilled] sling [Basic] Spellcasting Skills Final Attributes: You were piously aligned. You were poison resistant. Your writing hand was ok. You were telepathic. You had infravision. You were somewhat stealthy. You were held by a giant mimic. You were fast. You are dead. Vanquished creatures: a dog a dingo a housecat a human zombie a wood nymph a rock mole 2 fog clouds a shrieker a gray ooze 3 giant ants a puppy a floating eye a kitten a dwarf a homunculus a kobold lord 4 iguanas 4 hill orcs a rabid rat 2 jitterbugs 2 giant bats 9 killer bees a hobbit a large kobold 2 geckos 2 hobgoblins 3 giant rats a brown mold a red mold a gnome 5 manes 11 jackals a fox 5 newts 2 goblins 2 grid bugs 3 bats 4 lichens 86 creatures vanquished. Voluntary challenges: You were not invisible. You did not have reflection. You were not displaced. You used a wielded weapon 124 times, starting on turn 3. You did not use tools. You did not use plumbed fixtures. You did not drink any magical draughts. You read items or engraved 8 times, starting on turn 2485. You never genocided any monsters. You never polymorphed an object. You never changed form. You used no wishes. You never split a pudding. You never wrote Elbereth's name. You never violated your personal moral code. Dungeon overview: The Dungeons of Doom: levels 1 to 7 Level 1 a fountain a long staircase Level 2 stairs to The Gnomish Mines Level 3 Level 4 an altar to Ishtar, a fountain Level 5 many fountains Level 6 a fountain stairs to Sokoban Level 7 The Gnomish Mines: Level 3 stairs to The Dungeons of Doom Sokoban: levels 2 to 5 Level 2 <- You were here a magic chest Level 3 Level 4 Level 5 an altar to Moloch, a magic chest stairs to The Dungeons of Doom History has recorded: On T:1 you entered the Dungeons of Doom to retrieve the Amulet of Yendor! On T:30 you reached level 2 of The Dungeons of Doom. On T:487 you reached level 3 of The Dungeons of Doom. On T:637 you reached level 1 of The Gnomish Mines. On T:662 you advanced to experience level 2. On T:799 you reached level 4 of The Dungeons of Doom. On T:1017 you advanced to experience level 3. On T:1124 you advanced to experience level 4. On T:1221 you reached level 5 of The Dungeons of Doom. On T:1703 you advanced to experience level 5. On T:1817 you reached level 6 of The Dungeons of Doom. On T:2048 you reached level 7 of The Dungeons of Doom. On T:2120 you reached level 4 of Sokoban. On T:2483 you opened a magic chest. On T:2672 you advanced to experience level 6. On T:2704 you reached level 3 of Sokoban. On T:3045 you reached level 2 of Sokoban. On T:3799 you advanced to experience level 7. On T:4027 you reached level 1 of Sokoban. Score breakdown: Gold: 0 ( 0 points) Experience: 7 levels ( 600 points) Exploration: 7 levels ( 180 points) Discoveries: 14 items ( 700 points) Variety of kills: 38 monsters ( 1900 points) Major goal: (nothing yet) ( 0 points) Survival: died (score multiplied by 3) Total score: 10140 Latest messages: You kill the gray ooze! s - a scroll called earth. You see here an iguana corpse. You see here an egg. You see here a jackal corpse. You see here 2 hill orc corpses. This hill orc corpse tastes terrible! You honor the dead. You finish eating the hill orc corpse. You see here an iguana corpse. Back At Ya With great effort you move the boulder. You see here a mango. t - an engagement ring. You see here a mango. u - a mango. That command is only available in debug mode. With great effort you move the boulder. You see here a tripe ration. p - an uncursed tripe ration. Wait! That's a giant mimic! You hit the giant mimic! The giant mimic claws you! (2x) You hit the giant mimic! (5x) The giant mimic claws you! (2x) You die... Final status: Goodbye woodfighter the Cavewoman, killed by a giant mimic... You died in Sokoban on dungeon level 2 with 10140 points, and 0 pieces of gold, after 4053 moves. You were level 7 with a maximum of 56 hit points when you died.